 Dungeon Sprint DCSS version 0.27-a0-808-g60bc5d92e6 (webtiles) character file.

Game seed: 11701813480757661241

1747 rocky1 the Nimble (level 9, -1/71 HPs)
             Began as a Djinni Ice Elementalist on Mar 29, 2021.
             Was the Champion of Makhleb.
             Slain by a flayed ghost (25 damage)
             ... in the Dungeon (Sprint VII: "The Pits").
             The game lasted 00:07:40 (1464 turns).

rocky1 the Nimble (Djinni Ice Elementalist)         Turns: 1464, Time: 00:07:40

Health: -1/71      AC: 11    Str:  7    XL:     9   Next: 6%
Gold:   0          EV: 17    Int: 19    God:    Makhleb [******] SH:  0 Dex: 15

rFire    + + +     SeeInvis .   a - +2 long sword (flame)
rCold    . . .     Faith    .   (no shield)
rNeg     . . .     Spirit   .   j - +2 robe {rC+ rF+}
rPois    ∞         Reflect  .   q - +0 helmet
rElec    .         Harm     .   (no cloak)
rCorr    .         Rampage  .   (no gloves)
Will     .....     NoTele   +   (boots unavailable)
Stlth    ++........             (no amulet)
HPRegen  0.21/turn              m - +3 ring of protection
MPRegen  0.00/turn              n - +3 ring of protection

@: spiked, flying
A: fire resistance 2, cold vulnerability 1, float, innate caster, hp casting,
extra vitality 1
a: Renounce Religion, Minor Destruction, Lesser Servant of Makhleb, Major
Destruction, Greater Servant of Makhleb


You were in the Dungeon.
You worshipped Makhleb.
Makhleb was exalted by your worship.
You visited 1 branch

Inventory:

Hand Weapons
 a - a +2 long sword of flaming (weapon)
 l - a +0 quarterstaff of protection
 p - a +2 vorpal scimitar
Armour
 j - a +2 robe of resistance (worn)
 k - a +3 ring mail
 q - a +0 helmet (worn)
Jewellery
 m - a +3 ring of protection (left hand)
 n - a +3 ring of protection (right hand)
Wands
 i - a wand of flame (12)
Scrolls
 g - a scroll of blinking
 h - a scroll of summoning
Potions
 b - 2 potions of invisibility
 c - 6 potions of curing
 d - 10 potions of heal wounds
 e - 4 potions of haste
 f - 2 potions of berserk rage
 o - a potion of might


   Skills:
 + Level 8.9 Fighting
 + Level 8.0 Long Blades
 - Level 0.9 Armour
 + Level 10.0 Dodging
 - Level 1.5 Stealth
 + Level 8.4 Spellcasting
 + Level 8.8 Invocations


You couldn't memorise any spells.
You knew the following spells:

 Your Spells              Type           Power      Damage    Failure   Level
a - Freeze                Ice            100%       1d11      1%          1
b - Frozen Ramparts       Ice            78%        1d9       1%          3
c - Ozocubu's Armour      Ice            39%        N/A       1%          3
d - Hailstorm             Conj/Ice       39%        3d9       2%          4
e - Summon Ice Beast      Ice/Summ       39%        N/A       2%          4
f - Summon Small Mammal   Summ           100%       N/A       1%          1
g - Ensorcelled Hibernat  Hex/Ice        78%        N/A       1%          2
h - Mephitic Cloud        Conj/Pois/Air  39%        N/A       1%          3
i - Inner Flame           Hex/Fire       39%        N/A       1%          3
Your spell library was empty.

Dungeon Overview and Level Annotations

Branches:
Dungeon (1/1)

Altars:
Ashenzari
Cheibriados
Dithmenos
Elyvilon
Fedhas
Gozag
Hepliaklqana
Kikubaaqudgha
Makhleb
Nemelex Xobeh
Okawaru
Qazlal
Ru
Sif Muna
Trog
Uskayaw
Vehumet
Wu Jian
Xom
Yredelemnul
Zin
The Shining One
Beogh
Jiyva
Lugonu


Innate Abilities, Weirdness & Mutations

You are immune to poison.
Your flesh is very heat resistant. (rF++)
You are vulnerable to cold. (rC-)
You float through the air rather than walking.
You learn spells naturally, not from books.
Your magical power is your life essence.
You have superior vitality. (+4 HP)


Message History

Your experience leads to an increase in your attributes!
Increase (S)trength, (I)ntelligence, or (D)exterity?
You feel clever.
The power to cast Inner Flame wells up from within.
Spell assigned to 'i'.
Unknown command.
Casting: Hailstorm (dangerous; 2% risk of failure)
Confirm with . or Enter, or press ? or * to list all spells.
Okay, then.
Casting: Hailstorm (dangerous; 2% risk of failure)
Confirm with . or Enter, or press ? or * to list all spells.
Aiming: Mephitic Cloud (safe; 1% risk of failure)
Press: ? - help, Shift-Dir - straight line The ball explodes into a vile cloud!
The stinking cloud engulfs the lindwurm but does no damage.
The stinking cloud engulfs the flayed ghost but does no damage.
The stinking cloud engulfs the phantom but does no damage.
The lindwurm is engulfed in noxious fumes.
Unknown command.
The barbs in your skin will harm you if you move.
Continue?
Okay, then.
The deep elf pyromancer shouts!
The deep elf pyromancer is engulfed in noxious fumes.
The deep elf pyromancer appears confused.
The deep elf pyromancer says, "Why is everything spinning?"
Unknown command.
The deep elf pyromancer is engulfed in noxious fumes.
The deep elf pyromancer hits the lindwurm with a +0 rapier.
The lindwurm is engulfed in noxious fumes.
The lindwurm appears confused.
Unknown command.
You slash the flayed ghost! You burn the flayed ghost.
The flayed ghost is moderately damaged.
The flayed ghost hits you!
The deep elf pyromancer screams, "I'll kill you anyway!"
The lindwurm is engulfed in noxious fumes.
You hit the flayed ghost but do no damage.
The flayed ghost is moderately damaged.
The flayed ghost hits you!!
You die...

.#..##................#
.#))#####'#####''######
##.)##.......##''#####
.#))##.......##......+
.#[[##.......##......+
##'###...<...##.....##
....##.......##...###
....##.......##..##
######.......##'@#
.#..###########..W..e...
.#.############++#†○.#..
.#÷#....#..[[# #.○...
.#)#....#..[.# ##...
.#.'....'..))# ..
.#'#....#..).# .
.).#....#..))#
##############


You could see a flayed ghost and a deep elf pyromancer (confused).

Vanquished Creatures
  A manticore (D)
  A molten gargoyle (D)
  A hellwing (D)
  Sigmund (D)
  2 basilisks (D)
  A steam dragon (D)
  An orc warrior (D)
  A scorpion (D)
  An orc priest (D)
  A hound (D)
  A gnoll shaman (D)
  An orc wizard (D)
  A gnoll (D)
  A river rat (D)
  A white imp (D)
  2 ufetubi (D)
  An adder zombie (D)
  An orc (D)
  A ball python (D)
  A hobgoblin (D)
  2 jackals (D)
  A quokka (D)
  A ball python skeleton (D)
  2 frilled lizards (D)
  2 kobolds (D)
  A rat (D)
31 creatures vanquished.

Notes
Turn   | Place    | Note
-------+----------+-------------------------------------------
     0 | D        | rocky1 the Djinni Ice Elementalist began the quest for the
                  | Orb.
     0 | D        | Reached XP level 1. HP: 15/15 MP: 0/0
   107 | D        | Found a bloodstained altar of Trog.
   107 | D        | Found a viscous altar of Jiyva.
   107 | D        | Found a hazy altar of Hepliaklqana.
   107 | D        | Found an opulent altar of Gozag.
   108 | D        | Found a glowing golden altar of the Shining One.
   108 | D        | Found a glowing silver altar of Zin.
   108 | D        | Found a basalt altar of Yredelemnul.
   108 | D        | Found a shimmering altar of Xom.
   108 | D        | Found an ornate altar of the Wu Jian Council.
   108 | D        | Found a sacrificial altar of Ru.
   108 | D        | Found a stormy altar of Qazlal.
   108 | D        | Found an iron altar of Okawaru.
   108 | D        | Found a sparkling altar of Nemelex Xobeh.
   108 | D        | Found a burning altar of Makhleb.
   108 | D        | Found a blossoming altar of Fedhas.
   108 | D        | Found a white marble altar of Elyvilon.
   108 | D        | Found a shadowy altar of Dithmenos.
   108 | D        | Found a snail-covered altar of Cheibriados.
   111 | D        | Found a corrupted altar of Lugonu.
   112 | D        | Found a hide-covered altar of Uskayaw.
   112 | D        | Found a broken altar of Ashenzari.
   118 | D        | Became a worshipper of Makhleb the Destroyer
   169 | D        | Reached skill level 1 in Fighting
   258 | D        | Reached * piety under Makhleb
   293 | D        | Reached XP level 2. HP: 22/22 MP: 0/0
   294 | D        | Reached skill level 3 in Dodging
   294 | D        | Reached skill level 1 in Invocations
   320 | D        | Reached ** piety under Makhleb
   321 | D        | Reached XP level 3. HP: 29/29 MP: 0/0
   321 | D        | Learned a level 1 spell: Summon Small Mammal
   472 | D        | Noticed an orc warrior
   473 | D        | Noticed Sigmund
   490 | D        | Reached *** piety under Makhleb
   491 | D        | Reached skill level 4 in Dodging
   493 | D        | Killed an orc warrior
   494 | D        | Reached skill level 5 in Dodging
   494 | D        | Reached skill level 5 in Spellcasting
   494 | D        | Reached XP level 4. HP: 36/37 MP: 0/0
   494 | D        | Reached XP level 5. HP: 40/41 MP: 0/0
   494 | D        | Learned a level 2 spell: Ensorcelled Hibernation
   498 | D        | Killed Sigmund
   499 | D        | Reached skill level 5 in Fighting
   499 | D        | Reached skill level 6 in Dodging
   499 | D        | Reached skill level 5 in Invocations
   499 | D        | Reached XP level 6. HP: 45/49 MP: 0/0
   500 | D        | Reached skill level 5 in Long Blades
   503 | D        | Reached **** piety under Makhleb
   504 | D        | Reached skill level 7 in Dodging
   714 | D        | Noticed a steam dragon
   725 | D        | Killed a steam dragon
   725 | D        | Reached ***** piety under Makhleb
   726 | D        | Reached XP level 7. HP: 25/57 MP: 0/0
   726 | D        | Learned a level 3 spell: Mephitic Cloud
  1080 | D        | Noticed a hellwing
  1080 | D        | Noticed a molten gargoyle
  1092 | D        | Killed a molten gargoyle
  1093 | D        | Reached skill level 8 in Dodging
  1093 | D        | Reached XP level 8. HP: 60/64 MP: 0/0
  1106 | D        | Killed a hellwing
  1107 | D        | Reached skill level 9 in Dodging
  1452 | D        | Noticed a manticore
  1453 | D        | Noticed a lindwurm
  1455 | D        | Noticed a flayed ghost
  1457 | D        | Noticed a deep elf pyromancer
  1458 | D        | Reached ****** piety under Makhleb
  1458 | D        | Killed a manticore
  1459 | D        | Reached skill level 10 in Dodging
  1459 | D        | Reached XP level 9. HP: 37/71 MP: 0/0
  1459 | D        | Learned a level 3 spell: Inner Flame
  1464 | D        | Slain by a flayed ghost

Illustrated notes

Levels and vault maps discovered:
D:        pitsprint [storerooms_1, entrance_room_1, metal_vault_4, armoury_2,
          mini_pit_1, grid_room_1, main_hall_1, silver_pit, the_coven_2,
          the_vestibule_1, steel_vault_2, golden_pit, hallway_of_sentries,
          crystal_vault_4, iron_vault_5, final_vault]

Skill      XL: |  1  2  3  4  5  6  7  8 |
---------------+-------------------------+-----
Fighting       | 1 2 4 5 6 7 8 |  8.9
Dodging        | 3 5 6 7 8 10 | 10.0
Invocations    | 2 4 5 6 7 8 |  8.8
Long Blades    | 2 3 4 5 6 8 |  8.0
Spellcasting   | 4 5 6 7 8 |  8.4
Armour         | |  0.9
Stealth        | |  1.5

Action                   |  1- 3 |  4- 6 |  7- 9 || total
-------------------------+-------+-------+-------++-------
Melee: Falchion          |    13 |       |       ||    13
       Long sword        |     3 |    26 |    56 ||    85
 Cast: Freeze            |    11 |     3 |     1 ||    15
       Hailstorm         |       |       |     7 ||     7
       Mephitic Cloud    |       |       |     1 ||     1
  Use: Potion            |     1 |       |     3 ||     4
Armor: Robe              |     5 |     5 |     6 ||    16
       Ring mail         |       |     4 |       ||     4
Dodge: Dodged            |    30 |    18 |    50 ||    98
       Rpst.: Falchion   |     8 |       |       ||     8
       Long sword        |     1 |     5 |    13 ||    19

Table legend: (Time is in decaauts)
 A = Elapsed time spent in this place.
 B = Non-inter-level travel time spent in this place.
 C = Inter-level travel time spent in this place.
 D = Time resting spent in this place.
 E = Time spent auto-exploring this place.
 F = Levels seen in this place.
 G = Mean time per level.
                   A        B        C        D        E       F      G
               +--------+--------+--------+--------+--------+-----+--------+
         Total |   1484 |   1484 |      0 |    841 |    125 |   1 | 1484.0 |
       Dungeon |   1484 |   1484 |      0 |    841 |    125 |   1 | 1484.0 |
               +--------+--------+--------+--------+--------+-----+--------+

Top non-repeatable levels by time:
       D: 1484 daAuts
